Map: Cyber Forest LE

Players

SpeCial - Winner!

  • Race: Terran Terran
  • Spawn Location: 11:00

Stats

  • Race: Protoss Protoss
  • Spawn Location: 5:00

Event: IEM Season 13: Katowice (2019)

VOD

Have the link to the VOD?

Description

Time

  • Played on: Feb. 28, 2019, 5:26 a.m.
  • Length: 13:25

All games in this series

Show
View Real Time Build Order
Export as new Build Order

SpeCial Terran - Winner!

Build Orders: Reaper Expand, Banshee Rush 

Get SALT Encoding   

  12  0:00  SCV  
  13  0:13  SCV  
  14  0:17  Supply Depot  
  14  0:25  SCV  
  15  0:38  SCV  
  15  0:40  Barracks  
  16  0:44  Refinery  
  16  0:50  SCV  
  17  1:03  SCV  
  18  1:15  SCV  
  19  1:28  Reaper  
  19  1:29  Orbital Command  
  20  1:40  Command Center  
  20  1:52  Supply Depot  
  20  1:55  SCV  
  20  2:00  Marine  
  22  2:07  Factory  
  22  2:10  SCV  
  22  2:15  Refinery  
  23  2:22  Barracks Reactor, SCV  
  24  2:34  SCV  
  25  2:46  SCV  
  26  2:58  Factory Tech Lab, SCV  
  27  2:59  Starport, Marine x2  
  27  3:01  Orbital Command  
  28  3:10  SCV  
  29  3:17  Cyclone  
  29  3:18  Marine x2  
  34  3:22  SCV  
  34  3:24  Supply Depot  
  35  3:28  SCV  
  36  3:34  SCV  
  36  3:36  Starport Tech Lab, Marine x2  
  36  3:40  SCV  
  40  3:46  SCV  
  41  3:53  SCV  
  41  3:54  Marine x2  
  44  3:58  SCV, Cloaking Field  
  44  4:01  Banshee  
  48  4:05  SCV  
  48  4:09  Supply Depot  
  49  4:10  SCV  
  50  4:17  SCV  
  50  4:18  Siege Tank  
  54  4:29  Supply Depot  
  54  4:31  SCV x2, Marine x2  
  58  4:33  Supply Depot  
  57  4:40  Bunker  
  57  4:43  SCV x2  
  57  4:44  Banshee  
  62  4:50  Marine x2  
  62  4:51  Supply Depot  
  64  4:55  SCV x2  
  64  4:58  Siege Tank  
  69  5:05  Barracks  
  69  5:08  Barracks  
  69  5:10  SCV  
  69  5:11  Marine x2  
  72  5:16  SCV  
  72  5:20  Refinery  
  73  5:22  SCV  
  73  5:23  Engineering Bay  
  74  5:28  SCV  
  74  5:33  Marine x2  
  74  5:34  Siege Tank, SCV  
  81  5:39  Starport Reactor  
  81  5:40  SCV  
  82  5:46  SCV  
  83  5:50  Refinery, Marine  
  83  5:51  Marine  
  83  5:52  SCV  
  83  5:54  Terran Infantry Weapons Level 1  
  86  6:01  Supply Depot  
  86  6:07  Barracks  
  86  6:11  Barracks, Factory Reactor  
  86  6:14  Stimpack  
  86  6:15  SCV  
  86  6:23  SCV, Marine x4  
  91  6:27  SCV  
  92  6:34  Supply Depot  
  92  6:35  SCV, Supply Depot  
  92  6:39  SCV  
  94  6:55  Marauder, Medivac x2, Marine x2  
  94  6:57  Marauder, SCV  
  92  7:13  Marine x2  
  92  7:14  Barracks Tech Lab, Barracks Reactor  
  80  7:16  SCV  
  80  7:17  Marauder  
  80  7:18  Marauder  
  85  7:24  Command Center, Widow Mine  
  85  7:25  Medivac x2  
  85  7:27  Widow Mine  
  85  7:28  Combat Shield  
  93  7:31  Marine x2  
  93  7:35  Marauder  
  97  7:38  Marauder  
  97  7:40  Marauder  
  101  7:45  Starport, SCV x2  
  101  7:48  Marine x2  
  107  7:57  Marauder  
  109  8:06  Marine  
  109  8:07  Marauder  
  110  8:12  Marine x3  
  110  8:13  SCV x2, Viking  
  110  8:16  Supply Depot  
  117  8:22  Terran Infantry Armor Level 1  
  117  8:23  Supply Depot  
  117  8:24  Marine  
  118  8:32  Marine  
  117  8:34  Viking  
  117  8:35  Marauder  
  117  8:36  Marauder  
  117  8:38  Marine x3  
  121  8:42  SCV  
  121  8:43  Orbital Command  
  121  8:47  Viking  
  124  8:51  Marine  
  124  8:52  Marine  
  122  8:55  Marine  
  122  8:56  Marauder  
  122  8:57  Marauder  
  127  9:03  Ghost Academy  
  127  9:04  Viking  
  127  9:06  Viking  
  127  9:09  Marine x2  
  132  9:11  Viking  
  135  9:18  Refinery  
  135  9:19  Missile Turret  
  135  9:20  Supply Depot  
  135  9:21  Marine  
  135  9:22  Marauder x2, Marine x2  
  142  9:27  Marine  
  142  9:28  Viking, Supply Depot  
  144  9:38  Marine  
  144  9:39  Marine x2  
  144  9:40  Marauder  
  144  9:41  Supply Depot  
  144  9:43  Marauder  
  148  9:47  Ghost  
  150  9:54  Refinery  
  150  9:56  Marine x2  
  150  9:58  Viking  
  154  10:01  Ghost, Supply Depot  
  154  10:03  Ghost  
  154  10:04  Viking  
  154  10:06  Viking  
  162  10:16  Ghost  
  162  10:19  Supply Depot  
  162  10:20  Marine x4  
  162  10:21  Supply Depot  
  167  10:22  Viking  
  169  10:29  Ghost  
  169  10:32  Ghost  
  169  10:34  Viking  
  175  10:37  Viking, Marine  
  175  10:38  Marine x3  
  175  10:42  Viking  
  182  10:52  Supply Depot  
  180  10:57  Viking  
  180  11:04  Viking  
  183  11:06  Ghost  
  183  11:07  Viking  
  187  11:14  Ghost  
  187  11:15  Marine x2  
  187  11:16  Command Center, Marine x3  
  193  11:32  Concussive Shells  
  193  11:33  Marine x3  
  193  11:34  Marauder, Marine  
  193  11:36  Marauder, Liberator  
  200  11:42  Armory  
  200  11:43  Engineering Bay  
  199  11:54  Marauder  
  199  11:55  Liberator x2  
  195  12:07  Ghost x2  
  170  12:16  Liberator  
  170  12:22  Marauder, Marine  
  135  12:23  Marine x2  
  135  12:27  SCV x2  
  135  12:29  Marine  
  126  12:37  Marauder x2  
  133  12:39  Marine  
  133  12:41  Marine x2  
  133  12:43  Marauder  
  133  12:47  Marine  
  130  12:58  Marauder x2  
Show
View Real Time Build Order
Export as new Build Order

Stats Protoss 

Build Orders: 1 Gate Expand, Colossus Rush 

Get SALT Encoding   

  12  0:00  Probe  
  13  0:12  Probe  
  14  0:17  Pylon  
  14  0:24  Probe  
  15  0:32  Probe  
  15  0:40  Probe  
  15  0:42  Gateway  
  16  0:47  Assimilator  
  17  0:51  Probe  
  18  1:03  Probe  
  19  1:15  Probe  
  20  1:29  Cybernetics Core  
  20  1:33  Nexus  
  20  1:36  Probe  
  21  1:43  Pylon  
  21  1:48  Probe  
  21  1:51  Assimilator  
  22  1:56  Adept  
  22  2:00  Probe  
  23  2:06  Warp Gate  
  25  2:12  Probe  
  26  2:16  Stalker  
  26  2:24  Probe  
  29  2:36  Probe  
  30  2:45  Stalker  
  30  2:48  Probe  
  30  2:50  Probe  
  32  2:58  Robotics Facility  
  33  3:01  Probe  
  33  3:02  Probe  
  35  3:10  Probe  
  35  3:12  Probe  
  35  3:19  Probe  
  37  3:21  Gateway  
  37  3:24  Probe  
  39  3:28  Pylon  
  39  3:31  Probe  
  40  3:36  Probe  
  41  3:42  Pylon  
  41  3:43  Probe  
  41  3:45  Observer  
  43  3:48  Probe  
  45  3:55  Probe  
  45  4:00  Probe  
  45  4:01  Stalker  
  48  4:06  Assimilator  
  48  4:07  Probe, Assimilator  
  48  4:09  Robotics Bay  
  49  4:10  Observer  
  49  4:11  Forge  
  49  4:13  Probe  
  51  4:19  Gateway, Probe  
  51  4:24  Pylon  
  52  4:25  Probe  
  53  4:32  Observer, Probe  
  53  4:37  Probe  
  56  4:40  Colossus  
  56  4:44  Nexus  
  56  4:47  Protoss Ground Weapons Level 1  
  56  4:55  Shield Battery  
  56  4:58  Extended Thermal Lance  
  62  5:03  Stalker x2  
  66  5:13  Probe x2  
  68  5:14  Observer  
  68  5:16  Observer  
  68  5:17  Pylon, Colossus  
  68  5:21  Pylon  
  68  5:27  Observer  
  68  5:32  Shield Battery  
  68  5:34  Observer  
  74  5:43  Sentry, Zealot x2  
  74  5:47  Probe x2  
  82  5:51  Pylon  
  82  5:53  Pylon  
  81  6:06  Sentry, Stalker x2  
  81  6:09  Twilight Council  
  87  6:13  Probe x3  
  90  6:25  Probe x3  
  91  6:27  Colossus  
  91  6:29  Protoss Ground Armor Level 1  
  91  6:32  Shield Battery  
  97  6:39  Stalker x3  
  101  6:53  Probe  
  101  6:54  Probe x2  
  103  7:07  Pylon  
  91  7:11  Charge  
  91  7:13  Stalker x3  
  93  7:16  Probe x3  
  93  7:18  Colossus  
  96  7:24  Forge  
  97  7:30  Probe x3  
  105  7:39  Gateway  
  105  7:40  Protoss Ground Weapons Level 2  
  105  7:42  Gateway x2  
  105  7:47  Sentry  
  105  7:48  Pylon  
  105  7:49  Zealot x2  
  105  7:51  Pylon  
  111  7:56  Photon Cannon  
  111  8:00  Assimilator  
  111  8:03  Assimilator  
  111  8:05  Protoss Ground Armor Level 2  
  111  8:06  Warp Prism  
  111  8:07  Probe x3  
  116  8:20  Stalker x2  
  116  8:21  Stalker  
  120  8:40  Zealot x2  
  120  8:41  Zealot  
  119  8:57  Stalker x3  
  119  9:01  Pylon x2  
  125  9:06  Pylon, Blink  
  125  9:07  Pylon  
  124  9:12  Observer  
  125  9:17  Gateway x2  
  125  9:19  Templar Archives  
  125  9:22  Zealot x6  
  137  9:31  Gravitic Drive  
  137  9:36  Probe x3  
  136  9:47  Protoss Ground Weapons Level 3  
  136  9:49  Zealot x5  
  136  9:50  Zealot  
  148  10:09  Psionic Storm  
  148  10:12  High Templar x3  
  148  10:13  Zealot  
  156  10:16  Pylon  
  156  10:17  Protoss Ground Armor Level 3, Zealot, Pylon  
  156  10:18  Pylon  
  157  10:28  Nexus  
  157  10:29  Pylon  
  157  10:34  Observer  
  158  10:46  Stalker  
  158  10:47  Warp Prism  
  158  10:49  Pylon  
  152  11:11  High Templar  
  152  11:12  Zealot x4, High Templar x3  
  168  11:30  Probe x2  
  168  11:31  Probe  
  171  11:34  Immortal  
  175  11:40  Stalker  
  175  11:41  Stalker x3  
  175  11:42  Probe  
  175  11:43  Probe x2  
  186  11:57  Zealot x4  
  194  12:05  Archon  
  152  12:10  Immortal  
  152  12:13  Zealot x4  
  133  12:16  Archon  
  133  12:19  Archon  
  133  12:20  Zealot x4  
  92  12:34  Stalker x2  
  76  12:43  Sentry x6  
  54  12:59  Stalker x2  
  46  13:07  Zealot x3  
  46  13:08  Zealot x2  
  46  13:18  Stalker  

Tags
 
Add a new tag
Caveats
  • Supply blocks, unpowered buildings, or Contaminate may cause inaccurate times.
  • Supply counts are checked every 10 seconds.